AoeStats
← 2243633781

Arena

510524056Analyzed
2v2 RM · 1d ago on Oct 1, 2026· 39m 27s· 4 players
Game mode
Random Map
Map size
Medium (4 player)
Population
200
Speed
Normal
Resources
Standard
Victory
Conquest
Starting age
Dark Age
Ending age
Imperial Age
RankedLock teamsTeams togetherTeam positionsShared explorationLock speedFull tech treeHidden civsTurbo modeCheats
Victory
Defeat
🇺🇸 Turks · United States
912
+19
🇨🇱 Magyars · Chile
908
+19
🇨🇳 Inca · China
991
-58
🇨🇳 Magyars · China
955
-53
EHay14
13:48 Feudal Age
14:38 Double-Bit Axe
20:01 Castle Age
22:13 Bow Saw
27:09 Imperial Age
28:52 Treadmill Crane
31:21 Two-Man Saw
33:43 Wheelbarrow
34:13 Conscription
35:25 Hand Cart
35:03 Gold Mining
35:04 Stone Mining
35:31 Horse Collar
36:31 Gold Shaft Mining
36:28 Bloodlines
36:47 Bloodlines
36:37 Husbandry
BenjaB1
10:19 Feudal Age
11:46 Wheelbarrow
19:37 Castle Age
17:48 Horse Collar
18:40 Stone Mining
18:44 Gold Mining
19:06 Double-Bit Axe
29:08 Imperial Age
27:25 Padded Archer Armor
27:33 Scale Barding Armor
28:34 Leather Archer Armor
28:11 Fletching
28:56 Bloodlines
28:58 Husbandry
30:00 Chain Barding Armor
31:37 Ring Archer Armor
32:45 Parthian Tactics
33:01 Corvinian Army
35:44 Ballistics
36:51 Plate Barding Armor
38:22 Bodkin Arrow
2243633781
14:35 Feudal Age
16:30 Wheelbarrow
18:19 Scale Mail Armor
18:24 Champi Runner
24:45 Castle Age
22:34 Town Watch
24:27 Padded Archer Armor
24:45 Forging
25:02 Horse Collar
25:11 Double-Bit Axe
26:23 Champi Warrior
27:41 Gold Mining
28:20 Elite Skirmisher
31:01 Chain Mail Armor
30:42 Fletching
31:37 Iron Casting
江东铁壁
13:44 Feudal Age
19:20 Castle Age
17:27 Horse Collar
24:10 Gold Mining
24:09 Double-Bit Axe
27:01 Loom
27:19 Fletching
27:30 Padded Archer Armor
31:47 Scale Barding Armor
31:57 Leather Archer Armor
31:38 Bodkin Arrow
32:05 Ballistics
Connection lost

Rejoining the realm…

Still unreachable

The connection could not be restored.

Session expired

The server has moved on; the page needs a fresh start.